 Dungeon Crawl Stone Soup version 0.20-b1-18-gaa2fd62 (webtiles) character file.

3826 dududu the Grappler (level 10, -8/91 HPs)
             Began as a Ghoul Monk on May 24, 2017.
             Mangled by a cyclops (17 damage)
             ... on level 9 of the Dungeon.
             The game lasted 00:41:07 (7037 turns).

dududu the Grappler (Ghoul Monk)                    Turns: 7037, Time: 00:41:09

Health: -8/91      AC:  6    Str: 18    XL:     10   Next: 17%
Magic:  9/9        EV: 15    Int:  9    God:
Gold:   329        SH:  0    Dex: 16    Spells: 9/9 levels left

rFire    . . .     SeeInvis .     - Unarmed
rCold    + . .     Gourm    .   (no shield)
rNeg     + + +     Faith    .   u - +0 ring mail
rPois    ∞         Spirit   .   (no helmet)
rElec    .         Reflect  .   (no cloak)
rCorr    .         Harm     .   (no gloves)
MR       .....                  (no boots)
Stlth    +.........             y - amulet of magic regeneration
Regen    0.0/turn               o - +4 ring of dexterity
MPRegen  0.2/turn               d - +4 ring of intelligence

@: rotting
A: rotting body, claws 1, carnivore 3, cold resistance 1, negative energy
resistance 3, inhibited regeneration, torment resistance, unbreathing
a: no special abilities


You were on level 9 of the Dungeon.
You were not hungry.

You visited 2 branches of the dungeon, and saw 10 of its levels.

You collected 394 gold pieces.
You spent 65 gold pieces at shops.

Inventory:

Hand Weapons
 b - a +0 hunting sling
Missiles
 f - 98 stones
 l - 28 sling bullets
 r - 12 tomahawks
 t - 11 poisoned needles
 I - 7 silver javelins (quivered)
Armour
 u - a +0 ring mail (worn)
 z - a +0 pair of gloves
Jewellery
 d - a +4 ring of intelligence (right claw)
 o - a +4 ring of dexterity (left claw)
 y - an amulet of magic regeneration (around neck)
Wands
 j - a wand of lightning (9/15)
 A - a wand of lightning (7/15)
 B - a wand of lightning (8/15)
 C - a wand of iceblast (5/15)
 G - a wand of confusion (6/48)
Scrolls
 a - 3 scrolls of fear
 c - 2 scrolls of random uselessness {unknown}
 e - 3 scrolls of enchant armour {unknown}
 g - 5 scrolls of remove curse {unknown}
 i - a scroll of amnesia
 k - 2 scrolls of teleportation
 m - 2 scrolls of fog
 p - a scroll of magic mapping
 J - a scroll of enchant weapon {unknown}
Potions
 h - 5 potions of flight
 n - 2 potions of brilliance
 w - 3 potions of curing
 x - a potion of magic
 D - a potion of lignification
 E - a potion of resistance
 F - a potion of haste
 H - a potion of mutation {unknown}
Comestibles
 q - 3 royal jellies
 s - 5 meat rations


   Skills:
 + Level 9.1 Fighting
 - Level 5.0 Armour
 - Level 6.1 Dodging
 - Level 2.1 Stealth
 - Level 10.2 Unarmed Combat


You had 9 spell levels left.
You didn't know any spells.

Dungeon Overview and Level Annotations

Branches:
Dungeon (9/15)             Temple (1/1) D:5
   Lair: D:8-11         Orc: D:9-12

Altars:
Ashenzari
Cheibriados
Dithmenos
Elyvilon
Fedhas
Gozag
Kikubaaqudgha
Okawaru
Qazlal
Ru
Sif Muna
Trog
Uskayaw
Vehumet
Yredelemnul
Zin
The Shining One

Shops:
D:4 ?

Annotations:
D:8 exclusion: slave


Innate Abilities, Weirdness & Mutations

Your body is rotting away.
You thrive on raw meat.
You are immune to poison.
You have sharp fingernails.
You are carnivorous and can eat meat at any time.
Your flesh is cold resistant. (rC+)
You are immune to negative energy. (rN+++)
You do not regenerate when monsters are visible.
You are immune to unholy pain and torment.
You can survive without breathing.


Message History

You kill the orc!
Okay, then.
As you read the scroll of identify, it crumbles to dust.
E - a potion of resistance Sorry, you're not good enough to have a special ability.
The cyclops throws a large rock.
The large rock hits you!!
You see here a large rock.
The cyclops throws a large rock.
The large rock barely misses you.
You see here a large rock.
The cyclops throws a large rock.
The large rock hits you!!
* * * LOW HITPOINT WARNING * * *
You see here a large rock.
The cyclops hits you!
* * * LOW HITPOINT WARNING * * *
You claw the cyclops!
The cyclops is moderately wounded.
You claw the cyclops!
The cyclops is heavily wounded.
The cyclops hits you!
You die...

## ##.....## #
#..#.......#.#
#..#.(.....#.##
#......_.?....#
#..#.......#..#
#..#.......#..#
#..##..)..## .#
#..####(####..#
#....@C(.......
#(##...[?.#####
#.((..#####
###...# #...#
#...# #####


You could see a cyclops.

Vanquished Creatures
  Pikel (D:8)
  The ghost of edgar the Covert, a novice SpVM (D:8)
  A hippogriff (D:8)
  Grum (D:8)
  A hungry ghost (D:9)
  A water moccasin (D:7)
  An ice beast (D:7)
  An orc warrior (D:8)
  A phantom (D:4)
  3 ogres
  2 centaurs
  3 wolves (D:8)
  A big kobold (D:8)
  2 bullfrogs
  2 jellies (D:8)
  7 wights
  4 crimson imps
  A bullfrog zombie (D:8)
  2 hounds
  A centaur zombie (D:6)
  5 orc priests
  10 orc wizards
  A centaur skeleton (D:8)
  5 worker ants
  A hound zombie (D:8)
  3 gnolls (D:6)
  3 adders
  An ooze (D:2)
  2 worms
  2 dart slugs (D:1)
  4 leopard geckos
  37 orcs
  4 giant cockroaches
  9 goblins
  2 hobgoblins (D:3)
  2 jackals (D:4)
  9 kobolds
  3 quokkas
  7 bats
  4 frilled lizards
  A leopard gecko skeleton (D:6)
  8 rats
160 creatures vanquished.

Notes
Turn   | Place    | Note
-------+----------+-------------------------------------------
     0 | D:1      | dududu the Ghoul Monk began the quest for the Orb.
     0 | D:1      | Reached XP level 1. HP: 19/19 MP: 0/0
   110 | D:1      | Reached XP level 2. HP: 25/26 MP: 1/1
   233 | D:1      | Reached skill level 4 in Unarmed Combat
   264 | D:1      | Reached XP level 3. HP: 31/31 MP: 2/2
   809 | D:2      | Found a blossoming altar of Fedhas.
   811 | D:2      | Found a stormy altar of Qazlal.
  1184 | D:3      | Reached skill level 5 in Unarmed Combat
  1184 | D:3      | Reached XP level 4. HP: 31/38 MP: 3/3
  1268 | D:3      | Reached XP level 5. HP: 26/45 MP: 4/4
  1351 | D:3      | Reached skill level 6 in Unarmed Combat
  2173 | D:4      | Found Sicasuew's Magic Scroll Emporium.
  2176 | D:4      | Bought a scroll of teleportation for 39 gold pieces
  2176 | D:4      | Bought a scroll of identify for 26 gold pieces
  2233 | D:4      | Reached skill level 7 in Unarmed Combat
  2233 | D:4      | Reached XP level 6. HP: 51/51 MP: 5/5
  2629 | D:4      | Noticed a phantom
  2651 | D:4      | Killed a phantom
  2651 | D:4      | Reached skill level 8 in Unarmed Combat
  2853 | D:4      | Reached XP level 7. HP: 58/58 MP: 6/6
  2941 | D:5      | Entered Level 5 of the Dungeon
  3166 | D:5      | Found a staircase to the Ecumenical Temple.
  3173 | Temple   | Entered the Ecumenical Temple
  3811 | D:6      | Reached skill level 5 in Fighting
  4072 | D:6      | Reached XP level 8. HP: 70/70 MP: 7/7
  4804 | D:7      | Found a basalt altar of Yredelemnul.
  4920 | D:7      | Reached skill level 5 in Dodging
  5033 | D:7      | Reached skill level 9 in Unarmed Combat
  5473 | D:8      | Reached skill level 1 in Armour
  5473 | D:8      | Reached XP level 9. HP: 29/75 MP: 8/8
  5481 | D:8      | HP: 3/75 [wolf[Grum] (6)]
  5502 | D:8      | Noticed Grum
  5570 | D:8      | Killed Grum
  5604 | D:8      | Noticed a white ugly thing
  5910 | D:8      | Noticed edgar's ghost (novice SpVM)
  5929 | D:8      | Killed edgar's ghost
  5929 | D:8      | Reached skill level 10 in Unarmed Combat
  6087 | D:8      | HP: 3/75 [acid (8)]
  6203 | D:8      | Reached skill level 5 in Armour
  6409 | D:8      | Noticed Pikel
  6869 | D:8      | Noticed a two-headed ogre
  6934 | D:8      | Killed Pikel
  6934 | D:8      | Reached XP level 10. HP: 68/89 MP: 9/9
  6984 | D:9      | Found a shadowy altar of Dithmenos.
  7021 | D:9      | Noticed a cyclops
  7037 | D:9      | Mangled by a cyclops

Skill      XL: |  1  2  3  4  5  6  7  8  9 10 |
---------------+-------------------------------+-----
Unarmed Combat | 4 5 7 8 9 10 | 10.2
Fighting       | 6 8 9 |  9.1
Dodging        | 3 6 |  6.1
Armour         | 1 5 |  5.0
Stealth        | |  2.1

Action                   |  1- 3 |  4- 6 |  7- 9 | 10-12 || total
-------------------------+-------+-------+-------+-------++-------
Melee: Unarmed           |   102 |   100 |   316 |    23 ||   541
       Punch             |       |     3 |    17 |     3 ||    23
       Hunting sling     |       |       |     1 |       ||     1
 Fire: Hunting sling     |       |    76 |    90 |       ||   166
Throw: Stone             |     3 |     5 |     9 |       ||    17
       Tomahawk          |       |     6 |       |       ||     6
       Javelin           |       |       |    22 |       ||    22
Evoke: Wand              |       |       |     2 |       ||     2
  Use: Scroll            |       |     4 |     6 |     1 ||    11
 Stab: Sleeping          |     5 |       |       |       ||     5
       Distracted        |     1 |       |     1 |       ||     2
  Eat: Chunk             |     9 |    14 |    44 |     1 ||    68
Armor: Robe              |    13 |       |       |       ||    13
       Leather armour    |     6 |     5 |       |       ||    11
       Ring mail         |       |    15 |    63 |     5 ||    83
Dodge: Dodged            |    54 |    52 |   181 |    11 ||   298
